 Dungeon Crawl Stone Soup version 0.30-a0-652-gcc886f7154 (webtiles) character file.

Game seed: 9687208250366262497

108 Dittersdorf the Covered (level 4, 0/29 HPs)
             Began as a Gargoyle Fighter on Jan 17, 2023.
             Slain by an orc wizard
             ... wielding a +0 dagger
              (3 damage)
             ... on level 3 of the Dungeon.
             The game lasted 00:02:47 (2095 turns).

Dittersdorf the Covered (Gargoyle Fighter)          Turns: 2095, Time: 00:02:47

Health: 0/29       AC: 12    Str: 21    XL:     4   Next: 87%
Magic:  4/4        EV:  9    Int:  9    God:
Gold:   128        SH:  4    Dex:  9    Spells: 3/3 levels left

rFire   . . .      SeeInvis .    a - +0 flail
rCold   . . .      Faith    +    c - +0 buckler
rNeg    + . .      Spirit   .    b - +0 scale mail
rPois   ∞          Reflect  .    (no helmet)
rElec   +          Harm     .    (no cloak)
rCorr   .          Rampage  +    (no gloves)
Will    .....                    h - +1 pair of boots {rampage} Stlth
                                 k - amulet of faith
HPRegen 0.24/turn                p - ring of wizardry
MPRegen 0.09/turn                (no ring)

@: no status effects
A: sickness immunity, AC +3, negative energy resistance 1, electricity
resistance, torment resistance 1, petrification resistance
a: no special abilities


You were on level 3 of the Dungeon.
You visited 1 branch of the dungeon, and saw 3 of its levels.

You collected 128 gold pieces.

Inventory:

Hand Weapons
 a - a +0 flail (weapon)
Missiles
 q - 6 poisoned darts (quivered)
Armour
 b - a +0 scale mail (worn)
 c - a +0 buckler (worn)
 h - a +1 pair of boots of rampaging (worn)
Jewellery
 k - an amulet of faith (around neck)
 p - a ring of wizardry (left hand)
Scrolls
 e - a scroll of enchant armour {unknown}
 j - a scroll of enchant weapon {unknown}
 m - a scroll of noise {unknown}
 o - a scroll of vulnerability {unknown}
 t - a scroll of silence {unknown}
 u - a scroll of blinking {unknown}
 v - a scroll of identify {unknown}
Potions
 d - a potion of might
 f - a potion of heal wounds {unknown}
 g - a potion of flight {unknown}
 i - 3 potions of mutation {unknown}
 l - 3 potions of curing {unknown}
 n - a potion of berserk rage {unknown}
 r - 2 potions of lignification {unknown}
 s - a potion of brilliance {unknown}


   Skills:
 + Level 4.1 Fighting
 + Level 2.9 Maces & Flails
 + Level 4.1 Armour
 + Level 4.1 Shields


You had 3 spell levels left.
You didn't know any spells.
Your spell library was empty.

Dungeon Overview and Level Annotations

Branches:
Dungeon (3/15)

Altars:

Shops:
D:3 [

Annotations:
D:3 3 runed translucent doors, Iich's ghost, amateur DsFi; baller8008's ghost, amateur DEAE; testman's ghost, amateur DsNe


Innate Abilities, Weirdness & Mutations

You are immune to sickness and miasma.
Your stone body is resilient. (AC +3)
You are immune to poison.
You resist negative energy. (rN+)
You are resistant to electric shocks. (rElec)
You are resistant to unholy torment.
You are immune to petrification.


Message History

You are too injured to fight recklessly!
You barely miss the orc wizard.
The orc wizard is heavily wounded.
The orc wizard barely misses you.
You closely miss the orc wizard.
The orc wizard is heavily wounded.
The orc wizard hits you but does no damage.
You barely miss the orc wizard.
The orc wizard is heavily wounded.
The orc wizard points at you and mumbles some strange words.
You are confused.
The orc wizard hits you with a +0 dagger.
You bump into the rock wall.
The orc wizard hits you with a +0 dagger.
You closely miss the orc wizard.
The orc wizard is heavily wounded.
The orc wizard barely misses you.
You bump into the rock wall.
The orc wizard gestures at you while chanting.
The puff of flame hits you.
* * * LOW HITPOINT WARNING * * *
The orc wizard attacks as you move away!
The orc wizard hits you but does no damage.
You bump into the rock wall.
You feel less confused. The orc wizard closely misses you.
You closely miss the orc wizard.
The orc wizard is moderately wounded.
The orc wizard closely misses you.
You closely miss the orc wizard.
The orc wizard is moderately wounded.
The orc wizard hits you with a +0 dagger.
* * * LOW HITPOINT WARNING * * *
You barely miss the orc wizard.
The orc wizard is moderately wounded.
The orc hits you but does no damage. The orc wizard completely misses you.
You hit the orc wizard but do no damage.
The orc wizard is moderately wounded.
The orc wizard hits you with a +0 dagger.
You die...

#.#####..#####.
###.##.#
#..............
.........
#####.##.##....
..##.####
#.##.# ...
#.#### #....#
.. #.....
#.#####.. .
######
#........ #
####†######. #
#.....o@# #
#.##.##o# . #
#.##o# # #...og
# ###....
#..#.# ###
..!#.# # #..
#.##.. #.##.#
#[ ## #.....


You could see an orc wizard, 3 orcs and a hobgoblin.

Vanquished Creatures
  2 adders (D:3)
  A worm (D:3)
  A dart slug (D:1)
  10 orcs
  6 ball pythons
  4 endoplasms
  A giant cockroach (D:1)
  6 goblins
  5 hobgoblins
  4 jackals (D:2)
  10 kobolds
  A quokka (D:3)
  6 bats
  8 frilled lizards
  3 rats
68 creatures vanquished.

Vanquished Creatures (others)
  3 withered plants (D:3)
3 creatures vanquished.

Grand Total: 71 creatures vanquished

Notes
Turn   | Place    | Note
-------+----------+-------------------------------------------
     0 | D:1      | Dittersdorf the Gargoyle Fighter began the quest for the
                  | Orb.
     0 | D:1      | Reached XP level 1. HP: 14/14 MP: 1/1
   118 | D:1      | Reached XP level 2. HP: 9/19 MP: 2/2
   460 | D:1      | Reached XP level 3. HP: 20/23 MP: 3/3
  1598 | D:3      | Reached XP level 4. HP: 24/29 MP: 4/4
  1658 | D:3      | Found a runed translucent gate.
  1658 | D:3      | Found a runed translucent gate.
  1660 | D:3      | Found a runed translucent gate.
  1664 | D:3      | Noticed Iich's ghost (amateur DsFi)
  1664 | D:3      | Noticed testman's ghost (amateur DsNe)
  1664 | D:3      | Noticed baller8008's ghost (amateur DEAE)
  1665 | D:3      | Identified the +3 arbalest of Gizut {freeze, Int+3}
  1833 | D:3      | Found Hemearch's Armour Boutique.
  2095 | D:3      | Slain by an orc wizard

Illustrated notes

Levels and vault maps discovered:
D:1:      saegor_arrival_simple_e, layout_rooms
D:2:      layout_basic, minmay_misc_feat_pillars, minmay_misc_feat_cross,
          chequers_serial_rivers_large_b, minmay_splitting_lines
D:3:      layout_loops_cross, gammafunk_ghost_cemetery, serial_shops, shop

Skill      XL: |  1  2  3  4 |
---------------+-------------+-----
Armour         | 4 |  4.1
Fighting       | 4 |  4.1
Shields        | 4 |  4.1
Maces & Flails | |  2.9

Action                   |  1- 3 |  4- 6 || total
-------------------------+-------+-------++-------
Melee: Flail             |   167 |    77 ||   244
Armor: Scale mail        |    91 |    36 ||   127
Dodge: Dodged            |    69 |    35 ||   104
Block: Buckler           |    33 |    12 ||    45

Table legend: (Time is in decaauts)
 A = Elapsed time spent in this place.
 B = Non-inter-level travel time spent in this place.
 C = Inter-level travel time spent in this place.
 D = Time resting spent in this place.
 E = Time spent auto-exploring this place.
 F = Levels seen in this place.
 G = Mean time per level.
                   A        B        C        D        E       F      G
               +--------+--------+--------+--------+--------+-----+--------+
         Total |   2219 |   2104 |    115 |     41 |   1538 |   3 |  739.7 |
       Dungeon |   2219 |   2104 |    115 |     41 |   1538 |   3 |  739.7 |
               +--------+--------+--------+--------+--------+-----+--------+

Top non-repeatable levels by time:
     D:2: 1101 daAuts
     D:1: 597 daAuts
     D:3: 520 daAuts
